 Dungeon Crawl Stone Soup version 0.31-a0-252-gc4385922b5 (webtiles) character file.

Game seed: 9811865830259930054

170 qw the Shooter (level 5, -2/31 HPs)
             Began as a Gargoyle Hexslinger on July 12, 2023.
             Slain by an orc
             ... wielding a +0 trident
              (4 damage)
             ... on level 3 of the Dungeon.
             The game lasted 00:01:00 (2314 turns).

qw the Shooter (Gargoyle Hexslinger)                Turns: 2314, Time: 00:01:00

Health: -2/31      AC: 12    Str: 11    XL:     5   Next: 50%
Magic:  6/6        EV: 16    Int: 14    God:
Gold:   158        SH:  0    Dex: 14    Spells: 5/6 levels left

rFire   + . .        Y - +2 sling
rCold   . . .        (no shield)
rNeg    + . .        f - +1 leather armour {rF+}
rPois   inf          j - +0 helmet
rElec   +            (no cloak)
rCorr   .            (no gloves)
SInv    .            d - +2 pair of boots
Will    .....        (no amulet)
Stlth   +            h - +5 ring of evasion
HPRegen 0.25/turn    (no ring)
MPRegen 0.10/turn

%: no passive effects
@: no status effects
A: sickness immunity, AC +4, negative energy resistance 1, electricity
resistance, torment resistance 1, petrification resistance
a: no special abilities


You were on level 3 of the Dungeon.
You visited 1 branch of the dungeon, and saw 3 of its levels.

You collected 158 gold pieces.


Innate Abilities, Weirdness & Mutations

You are immune to sickness and miasma.
Your stone body is resilient. (AC +4)
You are immune to poison.
You resist negative energy. (rN+)
You are resistant to electric shocks. (rElec)
You are resistant to unholy torment.
You are immune to petrification.


   Skills:
 + Level 2.7 Fighting
 - Level 5.0 Ranged Weapons
 - Level 1.5 Dodging
 - Level 1.0 Spellcasting
 - Level 2.6 Hexes


You had 5 spell levels left.
You knew the following spells:

 Your Spells              Type           Power      Damage    Failure   Level
a - Slow                  Hex            32%        N/A       12%         1

Your spell library contained the following spells:

 Spells                   Type           Power      Damage    Failure   Level
 Inner Flame              Hex/Fire       4%         N/A       52%         3
 Portal Projectile        Hex/Tloc       8%         N/A       52%         3
 Cause Fear               Hex            4%         N/A       75%         4

Inventory:

Hand Weapons
 Y - a +2 sling (weapon)
Armour
 d - a +2 pair of boots (worn)
 f - a +1 leather armour of fire resistance (worn)
 j - a +0 helmet (worn)
Jewellery
 h - a +5 ring of evasion (left hand)
Scrolls
 a - 5 scrolls of identify
 e - a scroll of revelation {unknown}
 g - a scroll of brand weapon {unknown}
 i - a scroll of fear {unknown}
Potions
 b - a potion of cancellation
 c - a potion of might {unknown}
 k - a potion of ambrosia {unknown}

Dungeon Overview and Level Annotations

Branches:
Dungeon (3/15)

Altars:


Message History

The orc hits you but does no damage. x2
You shoot a sling bullet.
The sling bullet closely misses the orc.
The sling bullet hits the orc priest but does no damage.
The orc priest is moderately wounded.
The orc hits you but does no damage. The orc closely misses you.
You shoot a sling bullet. The sling bullet barely misses the orc.
The sling bullet hits the orc priest.
The orc priest is heavily wounded.
The orc hits you but does no damage.
The orc hits you from afar with a +0 trident.
You shoot a sling bullet. The sling bullet hits the orc!
You kill the orc!
The orc hits you but does no damage.
Your Ranged Weapons skill increases to level 5!
You shoot a sling bullet. The sling bullet hits the orc!
You kill the orc!
The orc misses you. The orc barely misses you.
The orc priest completely misses you.
You shoot a sling bullet. The sling bullet hits the orc priest.
The orc priest is almost dead.
The orc misses you. The orc priest closely misses you.
You shoot a sling bullet. The sling bullet hits the orc priest.
You kill the orc priest!
The orc barely misses you.
You shoot a sling bullet. The sling bullet barely misses the orc.
The orc barely misses you.
You shoot a sling bullet. The sling bullet hits the orc.
The orc is heavily wounded.
The orc closely misses you. The orc hits you but does no damage.
You shoot a sling bullet. The sling bullet hits the orc.
The orc is severely wounded.
The orc hits you from afar with a +0 trident.
You shoot a sling bullet.
The sling bullet closely misses the orc.
The orc closely misses you.
You shoot a sling bullet.
The sling bullet closely misses the orc.
The orc hits you from afar with a +0 trident.
You die...

#...# #...# #...#
#...# #...# .#.##
#...#
......####...###
#..)@.'.....#
#.o####...#.# #.
#...###.# #
#.......# ######
###%########.....
#........'.....
##########...[.
#..... #####.


You could see an orc.

Vanquished Creatures
  An orc priest (D:3)
  Ijyb (D:3)
  Robin (D:3)
  3 adders
  A worm (D:2)
  2 dart slugs (D:1)
  6 orcs (D:3)
  3 ball pythons (D:2)
  3 endoplasms (D:2)
  5 giant cockroaches
  12 goblins
  8 hobgoblins
  A kobold (D:2)
  8 bats
  8 rats
63 creatures vanquished.

Notes
Turn   | Place    | Note
-------+----------+-------------------------------------------
     0 | D:1      | qw the Gargoyle Hexslinger began the quest for the Orb.
     0 | D:1      | Reached XP level 1. HP: 12/12 MP: 2/2
     0 | D:1      | 0 ||| qw: Version: 0.3-a-52-g30416fa
     0 | D:1      | 0 ||| qw: Game counter: 6602
     0 | D:1      | 0 ||| qw: Melee chars always use a shield: true
     0 | D:1      | 0 ||| qw: God list: Okawaru
     0 | D:1      | 0 ||| qw: Allow faded altars: false
     0 | D:1      | 0 ||| qw: Do Orc after clearing Dungeon:15 true
     0 | D:1      | 0 ||| qw: Do second Lair branch before Depths: true
     0 | D:1      | 0 ||| qw: Lair rune preference: random
     0 | D:1      | 0 ||| qw: Goals: Normal
     0 | D:1      | 0 ||| PLANNING D:1-11
    39 | D:1      | You fall into a shaft and drop 1 floor!
    42 | D:2      | 42 ||| UPGRADING to +2 pair of boots.
    47 | D:2      | 47 ||| DROPPING scroll of poison.
    52 | D:2      | 52 ||| FLEEEEING.
    54 | D:2      | 54 ||| STAIRDANCE
   183 | D:1      | Reached XP level 2. HP: 16/16 MP: 3/3
   238 | D:1      | 238 ||| FLEEEEING.
   239 | D:1      | 239 ||| FLEEEEING.
   240 | D:1      | 240 ||| FLEEEEING.
   241 | D:1      | 241 ||| FLEEEEING.
   242 | D:1      | 242 ||| FLEEEEING.
   243 | D:1      | 243 ||| FLEEEEING.
   244 | D:1      | 244 ||| FLEEEEING.
   245 | D:1      | 245 ||| FLEEEEING.
   246 | D:1      | 246 ||| FLEEEEING.
   270 | D:1      | Reached skill level 3 in Ranged Weapons
   599 | D:1      | 599 ||| UPGRADING to +0 ring mail.
   609 | D:1      | 609 ||| DROPPING +0 robe.
   610 | D:1      | 610 ||| UPGRADING to +1 leather armour of fire resistance.
   620 | D:1      | 620 ||| DROPPING +0 ring mail.
   621 | D:1      | 621 ||| READING 3 scrolls labelled JIQEGI WABIHAL.
   622 | D:1      | 622 ||| READING scroll labelled KITAJY QENE.
   674 | D:2      | Reached XP level 3. HP: 21/21 MP: 4/4
  1077 | D:2      | Reached XP level 4. HP: 26/26 MP: 5/5
  1693 | D:2      | 1693 ||| UPGRADING to +0 helmet.
  1698 | D:2      | 1698 ||| UPGRADING to +5 ring of evasion.
  1699 | D:2      | 1699 ||| DROPPING +6 ring of intelligence.
  1700 | D:2      | 1700 ||| READING 2 scrolls labelled NOFOETECOH.
  1701 | D:2      | 1701 ||| READING scroll labelled YTUERPHESKY.
  1702 | D:2      | 1702 ||| READING scroll labelled VAMENO HONIST.
  1703 | D:2      | 1703 ||| READING 7 scrolls of identify.
  1703 | D:2      | 1703 ||| IDENTIFYING sedimented golden potion
  1704 | D:2      | 1704 ||| DROPPING scroll of vulnerability.
  1705 | D:2      | 1705 ||| DROPPING potion of degeneration.
  1790 | D:3      | Noticed Robin
  1792 | D:3      | Noticed Ijyb
  1793 | D:3      | 1793 ||| Stepping ~*~*~tactically~*~*~ (outnumbered).
  1800 | D:3      | Reached skill level 4 in Ranged Weapons
  1820 | D:3      | Killed Ijyb
  1838 | D:3      | Killed Robin
  1839 | D:3      | Reached XP level 5. HP: 20/30 MP: 6/6
  1839 | D:3      | 1839 ||| FLEEEEING.
  1840 | D:3      | 1840 ||| FLEEEEING.
  1841 | D:3      | 1841 ||| FLEEEEING.
  1842 | D:3      | 1842 ||| FLEEEEING.
  1843 | D:3      | 1843 ||| FLEEEEING.
  1844 | D:3      | 1844 ||| FLEEEEING.
  1845 | D:3      | 1845 ||| FLEEEEING.
  1846 | D:3      | 1846 ||| FLEEEEING.
  1847 | D:3      | 1847 ||| FLEEEEING.
  1848 | D:3      | 1848 ||| FLEEEEING.
  1849 | D:3      | 1849 ||| FLEEEEING.
  1850 | D:3      | 1850 ||| FLEEEEING.
  1851 | D:3      | 1851 ||| FLEEEEING.
  1852 | D:3      | 1852 ||| FLEEEEING.
  1853 | D:3      | 1853 ||| FLEEEEING.
  1854 | D:3      | 1854 ||| FLEEEEING.
  1855 | D:3      | 1855 ||| FLEEEEING.
  1856 | D:3      | 1856 ||| FLEEEEING.
  1857 | D:3      | 1857 ||| FLEEEEING.
  1858 | D:3      | 1858 ||| FLEEEEING.
  1859 | D:3      | 1859 ||| FLEEEEING.
  1860 | D:3      | 1860 ||| FLEEEEING.
  1861 | D:3      | 1861 ||| FLEEEEING.
  1862 | D:3      | 1862 ||| FLEEEEING.
  1863 | D:3      | 1863 ||| FLEEEEING.
  1864 | D:3      | 1864 ||| FLEEEEING.
  1865 | D:3      | 1865 ||| FLEEEEING.
  1866 | D:3      | 1866 ||| FLEEEEING.
  1867 | D:3      | 1867 ||| STAIRDANCE
  1876 | D:2      | 1876 ||| READING 6 scrolls of identify.
  1876 | D:2      | 1876 ||| IDENTIFYING cyan potion
  1954 | D:3      | Found a faded altar of an unknown god.
  2299 | D:3      | HP: 4/30 [orc/+0 trident (6)]
  2305 | D:3      | HP: 4/30 [orc/+0 trident (1)]
  2307 | D:3      | Reached skill level 5 in Ranged Weapons
  2312 | D:3      | HP: 1/31 [orc/+0 trident (5)]
  2314 | D:3      | Slain by an orc

Levels and vault maps discovered:
D:1:      minmay_arrival_checkered_box, layout_loops_ring
D:2:      minmay_spotlight, layout_basic
D:3:      cheibrodos_helix_gallery, layout_basic,
          hellmonk_ecumenical_altar_blasted, uniq_robin, uniq_ijyb

Skill      XL: |  1  2  3  4  5 |
---------------+----------------+-----
Ranged Weapons | 3 4 5 |  5.0
Fighting       | 2 |  2.7
Dodging        | |  1.5
Spellcasting   | |  1.0
Hexes          | |  2.6

Action                     |  1- 3 |  4- 6 || total
---------------------------+-------+-------++-------
   Fire: Sling             |   107 |   109 ||   216
    Use: Scroll            |     2 |     5 ||     7
 Armour: Robe              |    17 |       ||    17
         Leather armour    |    13 |    49 ||    62
  Dodge: Dodged            |    38 |   122 ||   160

Table legend:
 A = Non-vault XP
 B = Vault XP
 C = Vault XP percentage of total XP
 D = Non-vault monster count
 E = Vault monster count
 F = Vault count percentage of total count
                 A         B        C        D         E       F
            +---------+---------+-------+---------+---------+-------
      Total |     135 |     108 |  44.4 |      44 |      19 |  30.2
            +---------+---------+-------+---------+---------+-------
        D:1 |      27 |       0 |   0.0 |      15 |       0 |   0.0
        D:2 |      44 |      17 |  27.9 |      19 |       3 |  13.6
        D:3 |      64 |      91 |  58.7 |      10 |      16 |  61.5
            +---------+---------+-------+---------+---------+-------
